 Dungeon Crawl Stone Soup version 0.29.1-12-g30fa7ad0bf (webtiles) character file.

Game seed: 4928619704198085351

115 growler the Trooper (level 4, -2/38 HPs)
             Began as a Demonspawn Wanderer on Jan 8, 2023.
             Slain by a hornet (12 damage)
             ... on level 4 of the Dungeon.
             The game lasted 00:05:53 (3269 turns).

growler the Trooper (Demonspawn Wanderer)           Turns: 3269, Time: 00:05:54

Health: -2/38      AC:  2    Str: 15    XL:     4   Next: 68%
Magic:  7/7        EV: 11    Int: 15    God:
Gold:   227        SH:  0    Dex: 10    Spells: 6/7 levels left

rFire   . . .      SeeInvis .   a - +3 quarterstaff
rCold   . . .      Faith    .   (shield currently unavailable)
rNeg    . . .      Spirit   .   c - +0 robe
rPois   .          Reflect  .   (helmet restricted)
rElec   .          Harm     .   (no cloak)
rCorr   .          Rampage  .   (no gloves)
Will    .....                   (no boots)
Stlth   ..........              (no amulet)
HPRegen 0.12/turn               (no ring)
MPRegen 0.10/turn               (no ring)

@: silenced
A: horns 1, spiny 1
a: no special abilities


You were on level 4 of the Dungeon.
You visited 1 branch of the dungeon, and saw 4 of its levels.

You collected 227 gold pieces.

Inventory:

Hand Weapons
 a - a +3 quarterstaff (weapon)
Armour
 c - a +0 robe (worn)
 k - a +0 cloak
Jewellery
 q - a ring of resist corrosion
Scrolls
 e - a scroll of blinking {unknown}
 f - 4 scrolls of identify {unknown}
 g - a scroll of magic mapping
 l - a scroll of poison
 o - a scroll of enchant weapon {unknown}
 p - a scroll of noise {unknown}
 r - a scroll of teleportation {unknown}
Potions
 d - a potion of resistance {unknown}
 h - 2 potions of ambrosia {unknown}
 i - 2 potions of invisibility {unknown}
 j - a potion of attraction {unknown}
 m - a potion of might {unknown}
 s - a potion of lignification {unknown}


   Skills:
 + Level 4.4 Fighting
 - Level 2.6 Staves
 - Level 1.0 Armour
 - Level 2.1 Spellcasting
 - Level 2.9 Poison Magic


You had 6 spell levels left.
You knew the following spells:

 Your Spells              Type           Power      Damage    Failure   Level
a - Sting                 Tmut/Pois      24%        1d4       12%         1

Your spell library contained the following spells:

 Spells                   Type           Power      Damage    Failure   Level
 Poisonous Vapours        Pois/Air       12%        N/A       19%         2
 Mephitic Cloud           Conj/Pois/Air  4%         N/A       41%         3
 Corpse Rot               Necr/Pois/Air  4%         N/A       82%         4


Dungeon Overview and Level Annotations

Branches:
Dungeon (4/15)
 Temple: D:4-7

Altars:
Wu Jian

Shops:
D:4 *

Annotations:
D:4 1 transporter


Innate Abilities, Weirdness & Mutations

You have a pair of small horns on your head.
You are partially covered in sharp spines.


Message History

The hobgoblin is struck by your spines.
You kill the hobgoblin!
The hobgoblin is struck by your spines. The hobgoblin misses you.
The goblin is struck by your spines.
You kill the goblin!
The hobgoblin hits you.
* * * LOW HITPOINT WARNING * * *
Robin hits you with a +0 short sword.
* * * LOW HITPOINT WARNING * * *
Unknown command.
You feel better. Robin hits you with a +0 short sword.
* * * LOW HITPOINT WARNING * * *
The hobgoblin closely misses you.
You sock Robin!
You kill Robin!
The hobgoblin closely misses you.
You thump the hobgoblin!
You kill the hobgoblin!
Things that are here:
a +0 dagger; a +0 dagger A hornet comes into view.
You see here a +0 club.
The hornet buzzes angrily.
Things that are here:
a +0 dagger; a +0 dagger
As you read the scroll labelled VAORGH RESO, it crumbles to dust.
You feel aware of your surroundings.
You sensed 1 shop/portal.
It was a scroll of magic mapping.
The air fills with toxic fumes!
As you read the scroll labelled QAOHID KAERY, it crumbles to dust.
It was a scroll of poison.
Okay, then.
You aren't carrying any items that you can evoke.
As you read the scroll labelled IRUPTA AQIUT, it crumbles to dust.
A profound silence engulfs you.
It was a scroll of silence.
The hornet is engulfed in poison gas.
The hornet is poisoned.
Really walk into that cloud of poison gas?
Okay, then.
The hornet looks even sicker. x2; The hornet stings you!
You die...

.***,,,* ####.##........****,,,**
..*,,,,**###...#.§§§§..#* *,,***
*,,,,#.,##.§.∩...§§§...# **,,,,,
**,,*#..#§.#§..##§§§##.#* *,,,,**
**,,*#...§§##§##§§§##*,,***,,,***
,,,,*#...§§§§§#§§§## **,,*,,,,**
,,,,,)...§§§§§§§§§# **,,,,,,,,**
,,,,,....§§§§§§§§## **,,,,*****,,
,,,,,..###§§§§§§@##**,.#*,** ***
,**,,.,**#§§§§§§y§##..###,,** *
****,,,*#§§§§§§§§§§...y..,,,** **
*,,*,..§§§§§§§§#§§§§.##,,,,***,
*,**#..§§§§§§§§§§§§###*,,*,,,,,
***,* ##.§§§§§#§§§§§§#* **,**,,**
,,,,* *#§§§§#§§#§.§§§#* *,**,,**
,**,* *§§§§.§#*§§§§§§#**,,*,**
***,** *#.....,*........,,,,,**


You could see a hornet (very poisoned).

Vanquished Creatures
  Robin (D:4)
  An adder (D:2)
  2 worms (D:3)
  5 dart slugs
  4 orcs
  2 bats (D:3)
  3 endoplasms
  4 giant cockroaches
  14 goblins
  8 hobgoblins
  A jackal (D:1)
  3 quokkas
  4 ball pythons
  A frilled lizard (D:3)
  10 kobolds
  3 rats
66 creatures vanquished.

Notes
Turn   | Place    | Note
-------+----------+-------------------------------------------
     0 | D:1      | growler the Demonspawn Wanderer began the quest for the
                  | Orb.
     0 | D:1      | growler set off with the following items: a +3
                  | quarterstaff, a potion of curing, a +0 robe; and the
                  | following spell memorised: Sting; and the following spells
                  | available to memorise: Mephitic Cloud.
     0 | D:1      | Reached XP level 1. HP: 18/18 MP: 2/2
   434 | D:1      | Gained mutation: You are partially covered in sharp spines.
                  | [demonic ancestry]
   434 | D:1      | Reached XP level 2. HP: 24/24 MP: 2/4
  1080 | D:2      | Reached XP level 3. HP: 24/29 MP: 6/6
  1295 | D:2      | You fall into a shaft and drop 2 floors!
  1478 | D:3      | Found a faded altar of an unknown god.
  2066 | D:2      | Identified the +1 leather armour "Xazuum" {rPois rN+
                  | Slay+3}
  2089 | D:2      | Discovered your monstrous ancestry.
  2089 | D:2      | Gained mutation: You have a pair of small horns on your
                  | head. [demonic ancestry]
  2089 | D:2      | Reached XP level 4. HP: 36/37 MP: 7/7
  2845 | D:3      | Reached skill level 4 in Fighting
  3148 | D:3      | Found an ornate altar of the Wu Jian Council.
  3227 | D:4      | Found Hebidgh's Gadget Gallery.
  3231 | D:4      | Found a transporter.
  3245 | D:4      | Noticed Robin
  3259 | D:4      | Killed Robin
  3263 | D:4      | Noticed a hornet
  3269 | D:4      | Slain by a hornet

Illustrated notes

Levels and vault maps discovered:
D:1:      lemuel_arrival_cross, layout_loops_cross, minmay_cut_off
D:2:      layout_basic, minmay_goblin_kobold_house
D:3:      layout_basic, nicolae_wu_jian_glorious_leap,
          hellmonk_ecumenical_altar_blasted
D:4:      layout_layer_cave, gammafunk_ghost_abyssal_escape,
          nicolae_shop_gadgets, uniq_robin

Skill      XL: |  1  2  3  4 |
---------------+-------------+-----
Spellcasting   | 2 |  2.1
Fighting       | 4 |  4.4
Staves         | |  2.6
Armour         | |  1.0
Poison Magic   | |  2.9

Action                   |  1- 3 |  4- 6 || total
-------------------------+-------+-------++-------
Melee: Quarterstaff      |    62 |    37 ||    99
       Headbutt          |       |     1 ||     1
 Cast: Sting             |     4 |       ||     4
  Use: Scroll            |       |     3 ||     3
       Potion            |       |     1 ||     1
 Stab: Sleeping          |     3 |       ||     3
Armor: Robe              |    11 |     4 ||    15
Dodge: Dodged            |    29 |    16 ||    45
